 Dungeon Crawl Stone Soup version 0.20.1-1-g8b1a95d (webtiles) character file.

79 galech the Ducker (level 4, -1/44 HPs)
             Began as a Troll Fighter on July 20, 2017.
             Slain by a goblin
             ... wielding a +0 dagger
             ... led by Robin
              (4 damage)
             ... on level 4 of the Dungeon.
             The game lasted 00:02:18 (1450 turns).

galech the Ducker (Troll Fighter)                   Turns: 1450, Time: 00:02:18

Health: -1/44      AC:  5    Str: 25    XL:     4   Next: 16%
Magic:  3/3        EV:  8    Int:  4    God:
Gold:   171        SH:  9    Dex:  9    Spells: 3/3 levels left

rFire    . . .     SeeInvis .   a - +0 flail
rCold    . . .     Gourm    +   c - +0 shield
rNeg     . . .     Faith    .   b - +0 robe
rPois    .         Spirit   .   (helmet restricted)
rElec    .         Reflect  .   (no cloak)
rCorr    .         Harm     .   (gloves unavailable)
MR       .....                  (boots unavailable)
Stlth    +.........             (no amulet)
Regen    0.6/turn               (no ring)
MPRegen  0.1/turn               (no ring)

@: no status effects
A: unfitting armour, claws 3, fast metabolism 3, gourmand, regeneration 1,
shaggy fur 1, tough skin 2
a: no special abilities


You were on level 4 of the Dungeon.
You were very full.

You visited 1 branch of the dungeon, and saw 4 of its levels.

You collected 171 gold pieces.

Inventory:

Hand Weapons
 a - a +0 flail (weapon)
Armour
 b - a +0 robe (worn)
 c - a +0 shield (worn)
Scrolls
 e - 4 scrolls of identify {unknown}
 g - a scroll of amnesia {unknown}
 h - 2 scrolls of blinking {unknown}
 i - a scroll of random uselessness {unknown}
 k - a scroll of remove curse {unknown}
 o - a scroll of teleportation {unknown}
Potions
 d - 2 potions of might
 j - a potion of ambrosia {unknown}
 m - a potion of flight {unknown}
 n - a potion of heal wounds {unknown}
Comestibles
 f - 4 bread rations
 l - 4 fruits


   Skills:
 + Level 2.7 Fighting
 + Level 2.8 Maces & Flails
 + Level 2.9 Dodging
 + Level 2.8 Shields


You had 3 spell levels left.
You didn't know any spells.

Dungeon Overview and Level Annotations

Branches:
Dungeon (4/15)
 Temple: D:4-7

Altars:
Fedhas

Annotations:
D:4 Robin


Innate Abilities, Weirdness & Mutations

You are too large for most types of armour.
You have claws for hands.
Your metabolism is lightning-fast.
You like to eat raw meat.
Your natural rate of healing is unusually fast.
You are covered in fur. (AC +1)
You have very tough skin. (AC +2)


Message History

You kill the goblin!
The goblin hits you.
* * * LOW HITPOINT WARNING * * *
You block the goblin's attack. The goblin hits you but does no damage.
The goblin completely misses you. x2; You block the goblin's attack.
You thump the goblin!
You kill the goblin!
The goblin hits you.
* * * LOW HITPOINT WARNING * * *
The goblin barely misses you. The goblin misses you.
The goblin barely misses you. The goblin hits you.
* * * LOW HITPOINT WARNING * * *
The goblin hits you.
* * * LOW HITPOINT WARNING * * *
The goblin hits you but does no damage. You block the goblin's attack.
You block the hobgoblin's attack. The goblin closely misses you.
You barely miss the hobgoblin.
The goblin no longer looks unusually strong.
The goblin hits you but does no damage. The goblin hits you with a dagger.
You die...

# ##########
#.#........##
#.#g.........
#.ggg........
#@gg.......
##gg........
#.g)........
#...<.......
#....#####..
######


You could see Robin, 2 hobgoblins and 6 goblins.

Vanquished Creatures
  An adder (D:3)
  A dart slug (D:2)
  2 worms (D:2)
  A leopard gecko (D:2)
  2 orcs
  A ball python (D:2)
  4 giant cockroaches
  11 goblins
  6 hobgoblins
  A quokka (D:3)
  3 bats
  3 frilled lizards
  12 kobolds
  8 rats
56 creatures vanquished.

Notes
Turn   | Place    | Note
-------+----------+-------------------------------------------
     0 | D:1      | galech the Troll Fighter began the quest for the Orb.
     0 | D:1      | Reached XP level 1. HP: 22/22 MP: 0/0
   187 | D:1      | Reached XP level 2. HP: 29/29 MP: 1/1
   731 | D:2      | Reached XP level 3. HP: 36/36 MP: 2/2
   929 | D:2      | Found a faded altar of an unknown god.
  1128 | D:2      | Found a blossoming altar of Fedhas.
  1356 | D:3      | Reached XP level 4. HP: 43/44 MP: 3/3
  1440 | D:4      | Noticed Robin
  1450 | D:4      | Slain by a goblin

Skill      XL: |  1 |
---------------+----+-----
Maces & Flails | 2 |  2.8
Fighting       | |  2.7
Dodging        | |  2.9
Shields        | |  2.8

Action                   |  1- 3 |  4- 6 || total
-------------------------+-------+-------++-------
Melee: Flail             |   160 |    42 ||   202
  Eat: Chunk             |    17 |     1 ||    18
Armor: Robe              |    62 |    25 ||    87
Dodge: Dodged            |    56 |    28 ||    84
Block: Shield            |    88 |    34 ||   122
